 Dungeon Crawl Stone Soup version 0.29.1-1-gd02db6906a (webtiles) character file.

Game seed: 16294131767880300938

192 Hadkhar the Shooter (level 5, 0/27 HPs)
             Began as a Spriggan Hunter on Oct 2, 2022.
             Slain by a bullfrog (1 damage)
             ... in a sewer.
             The game lasted 00:16:13 (2168 turns).

Hadkhar the Shooter (Spriggan Hunter)               Turns: 2168, Time: 00:16:14

Health: 0/27       AC: 16    Str:  7    XL:     5   Next: 42%
Magic:  6/6        EV: 12    Int: 10    God:
Gold:   141        SH:  0    Dex: 23    Spells: 4/4 levels left

rFire   + + .      SeeInvis +   a - +0 shortbow
rCold   x . .      Faith    .   (shield currently unavailable)
rNeg    . . .      Spirit   .   k - +8 fire dragon scales "Izxoedue" {rPois rF++ rC- rCorr Dex+2}
rPois   +          Reflect  .   (helmet restricted)
rElec   .          Harm     .   (no cloak)
rCorr   +          Rampage  .   (gloves unavailable)
Will    .....                   (boots unavailable)
Stlth   +.........              (no amulet)
HPRegen 0.09/turn               (no ring)
MPRegen 0.10/turn               (no ring)

@: slow
A: very small, no large weapons, unfitting armour, see invisible, speed 3
a: no special abilities


You were in a sewer.
You visited 1 branch of the dungeon, and saw 5 of its levels.
You also visited: Sewer.

You collected 141 gold pieces.

Inventory:

Hand Weapons
 a - a +0 shortbow (weapon)
Armour
 c - a +0 robe
 k - the +8 fire dragon scales "Izxoedue" (worn) {rPois rF++ rC- rCorr Dex+2}
   (You found it on level 2 of the Dungeon)

   Dex:       It affects your dexterity (+2).
   rF:        It greatly protects you from fire.
   rC:        It makes you vulnerable to cold.
   rPois:     It protects you from poison.
   rCorr:     It protects you from acid and corrosion.
Scrolls
 b - 2 scrolls of immolation
 d - a scroll of poison {unknown}
 g - 3 scrolls of noise {unknown}
 j - a scroll of magic mapping {unknown}
Potions
 e - a potion of brilliance {unknown}
 f - a potion of flight {unknown}
 h - a potion of heal wounds {unknown}
 i - 3 potions of haste {unknown}
 l - 2 potions of curing {unknown}
 m - a potion of ambrosia {unknown}


   Skills:
 + Level 2.6 Fighting
 + Level 4.9 Ranged Weapons
 * Level 2.0 Armour
 - Level 3.3 Dodging
 - Level 2.8 Stealth


You had 4 spell levels left.
You didn't know any spells.
Your spell library contained the following spells:

 Spells                   Type           Power      Damage    Failure   Level
 Static Discharge         Conj/Air       0%         3-3/arc   100%        2
 Dispel Undead            Necr           0%         3d6       100%        4
 Sticky Flame             Conj/Fire      0%         2d3       100%        4


Dungeon Overview and Level Annotations

Branches:
Dungeon (5/15)              Sewer (1/1)
 Temple: D:4-7

Altars:
Cheibriados


Innate Abilities, Weirdness & Mutations

You are very small and have problems with some larger weapons.
You are too small for most types of armour.
You have supernaturally acute eyesight. (SInv)
You cover ground extremely quickly. (Speed+++)


Message History

The bullfrog attacks as you move away!
The bullfrog hits you but does no damage.
The bullfrog closely misses you. x2
The bullfrog hits you. The bullfrog closely misses you. The bullfrog hits you.
The bullfrog hits you but does no damage.
The bullfrog hits you but does no damage.
You enter the shallow water.
Moving in this stuff is going to be slow.
The bullfrog hits you but does no damage.
The bullfrog attacks as you move away!
The bullfrog hits you but does no damage.
The bullfrog hits you.
The bullfrog hits you but does no damage. x2
You are too injured to fight recklessly!
Fire: a) +0 shortbow
Press: ? - help, Q - select action Shift-Dir - straight line, f/p - bullfrog
Aim: a bullfrog (lightly wounded, 60% to hit)
You shoot an arrow. The arrow misses the bullfrog.
The arrow hits the bullfrog but does no damage.
The bullfrog misses you. The bullfrog closely misses you.
The bullfrog barely misses you.
The bullfrog hits you but does no damage. x2
You enter the shallow water.
Moving in this stuff is going to be slow.
The bullfrog attacks as you move away!
The bullfrog hits you but does no damage.
The bullfrog hits you.
* * * LOW HITPOINT WARNING * * *
The bullfrog closely misses you.
You enter the shallow water.
Moving in this stuff is going to be slow.
The bullfrog barely misses you. The bullfrog attacks as you move away!
The bullfrog hits you.
* * * LOW HITPOINT WARNING * * *
The bullfrog closely misses you. The bullfrog hits you.
* * * LOW HITPOINT WARNING * * *
The bullfrog attacks as you move away! The bullfrog closely misses you.
The bullfrog barely misses you. x2; The bullfrog closely misses you.
The bullfrog attacks as you move away! The bullfrog hits you.
You die...

######################
.......†.............#
################.~~~.#
#.~≈~.# #.~≈~.#
#.~≈~~# #~~≈~.#
#~~≈~.# #@~≈~~#
#FF≈~~# #~~≈~~#
.~?$.~.≈≈≈≈≈# #.~≈~.#
~~$?$.≈≈≈≈≈≈# #~~≈~.#
~~~?~≈≈≈≈≈≈≈# #.~≈~.#
~~~†≈≈≈≈≈≈≈≈# #.~≈~.#
.~≈≈≈≈≈≈~≈≈# #.~≈÷.#
≈≈≈≈≈≈≈~≈≈≈# #~~≈~.#


You could see 2 bullfrogs.

Vanquished Creatures
  Terence (D:2)
  6 adders
  2 river rats (D:4)
  3 worms (D:2)
  4 dart slugs
  10 ball pythons
  5 endoplasms
  10 giant cockroaches
  A goblin (D:1)
  4 hobgoblins
  7 jackals (D:4)
  3 quokkas
  9 bats
  9 frilled lizards
  3 kobolds
  3 rats
80 creatures vanquished.

Notes
Turn   | Place    | Note
-------+----------+-------------------------------------------
     0 | D:1      | Hadkhar the Spriggan Hunter began the quest for the Orb.
     0 | D:1      | Reached XP level 1. HP: 10/10 MP: 2/2
    98 | D:1      | Reached XP level 2. HP: 13/15 MP: 3/3
   195 | D:1      | Found a faded altar of an unknown god.
   653 | D:2      | Reached XP level 3. HP: 18/18 MP: 4/4
   728 | D:2      | Found a snail-covered altar of Cheibriados.
   744 | D:2      | Identified the +8 fire dragon scales "Izxoedue" {rPois rF++
                  | rC- rCorr Dex+2}
  1091 | D:2      | Reached XP level 4. HP: 12/23 MP: 5/5
  1353 | D:2      | Noticed Terence
  1386 | D:2      | Killed Terence
  1387 | D:2      | Reached skill level 1 in Armour
  1605 | D:3      | You fall into a shaft and drop 2 floors!
  1605 | D:5      | Entered Level 5 of the Dungeon
  1608 | D:5      | Noticed a gnoll sergeant
  1688 | D:4      | Found a glowing drain.
  1858 | Sewer    | Entered a sewer
  1916 | Sewer    | Reached XP level 5. HP: 26/27 MP: 6/6
  2166 | Sewer    | HP: 1/27 [bullfrog (3)]
  2168 | Sewer    | Slain by a bullfrog

Illustrated notes

Levels and vault maps discovered:
D:1:      roderic_chinese_lattice_arrival, layout_basic,
          shapermc_ecumenical_altar_totnotflames
D:2:      layout_basic, basic_altar, uniq_terence
D:3:      layout_loops_ring, mainiacjoe_overflow_24_doors, lemuel_tele_altar
D:4:      layout_loops_corners, portal_sewer_entry_c,
          pf_guarded_unrand_woodcutter, uniq_duvessa
D:5:      layout_loops_ring, minmay_temple_entry_hall,
          ebering_ghost_disaster_area, wad_floor_pattern_1
Sewer:    sewer_frog_island_01

Skill      XL: |  1  2  3  4  5 |
---------------+----------------+-----
Stealth        | 2 |  2.8
Dodging        | 3 |  3.3
Fighting       | 2 |  2.6
Armour         | 1 2 |  2.0
Ranged Weapons | |  4.9

Action                   |  1- 3 |  4- 6 || total
-------------------------+-------+-------++-------
 Fire: Shortbow          |   123 |   128 ||   251
Armor: Robe              |     3 |       ||     3
       Fire dragon scale |    23 |    61 ||    84
Dodge: Dodged            |    50 |   100 ||   150
